 Dungeon Crawl Stone Soup version 0.21-a0-421-gfc1ce30 (webtiles) character file.

8437 tof the Carver (level 11, 0/145 HPs)
             Began as a Minotaur Berserker on Nov 4, 2017.
             Was an Elder of Trog.
             Slain by a soldier ant (2 damage)
             ... on level 11 of the Dungeon.
             The game lasted 00:20:45 (8449 turns).

tof the Carver (Minotaur Berserker)                 Turns: 8449, Time: 00:20:46

Health: 0/145      AC: 16    Str: 25    XL:     11   Next: 9%
Magic:  8/8        EV: 12    Int:  4    God:    Trog [****..]
Gold:   689        SH:  0    Dex: 17    Spells: 10/10 levels left

rFire    + . .     SeeInvis .   S - +0 rapier "Selilu Veme" {pierce, Dex+4}
rCold    + . .     Gourm    .   (no shield)
rNeg     + . .     Faith    .   F - +0 plate armour
rPois    .         Spirit   .   (helmet restricted)
rElec    .         Reflect  .   G - +0 cloak
rCorr    .         Harm     .   (no gloves)
MR       .....     Clarity  +   q - +0 pair of boots
Stlth    ..........             (no amulet)
HPRegen  0.34/turn              g - ring of positive energy
MPRegen  0.11/turn              C - ring of protection from fire

@: berserking, lethally poisoned (0 -> -1), very quick
A: retaliatory headbutt, horns 2, clarity, cold resistance 1, low mp 1, weak 1,
wild magic 1, MP-powered wands
a: Berserk, Trog's Hand, Brothers in Arms, Burn Spellbooks, Renounce Religion


You were on level 11 of the Dungeon.
You worshipped Trog.
Trog was greatly pleased with you.
You were very hungry.

You visited 1 branch of the dungeon, and saw 11 of its levels.

You collected 689 gold pieces.

Inventory:

Hand Weapons
 a - a +0 falchion
 S - the +0 rapier "Selilu Veme" (weapon) {pierce, Dex+4}
   (You found it on level 9 of the Dungeon)

   It inflicts extra damage upon your enemies.
   It affects your dexterity (+4).
Missiles
 e - 23 poisoned needles
 p - 4 tomahawks of returning
 w - 2 needles of confusion
 E - 6 tomahawks (quivered)
Armour
 q - a +0 pair of boots (worn)
 F - a +0 plate armour (worn)
 G - a +0 cloak (worn)
Jewellery
 g - a ring of positive energy (left hand)
 C - a ring of protection from fire (right hand)
 T - an uncursed ring of see invisible
Wands
 J - a wand of random effects (15/48)
 M - a wand of flame (28/48)
 P - a wand of digging (13/24)
 R - a wand of enslavement (12/24)
 U - a wand of confusion (11/48)
 V - a wand of flame (28/48)
Scrolls
 b - 3 scrolls of teleportation
 f - 2 scrolls of enchant armour
 k - 6 scrolls of remove curse
 m - 4 scrolls of fear
 s - 3 scrolls of random uselessness {unknown}
 t - a scroll of recharging
 y - 2 scrolls of enchant weapon {unknown}
 z - 3 scrolls of immolation {unknown}
 B - a scroll of magic mapping {unknown}
 I - 3 scrolls of holy word {unknown}
 Q - a scroll of blinking {unknown}
Potions
 h - 2 potions of lignification {unknown}
 j - a potion of resistance {unknown}
 n - 2 potions of mutation {unknown}
 r - a potion of cancellation {unknown}
 v - 2 potions of heal wounds {unknown}
 x - a potion of agility {unknown}
 A - 9 potions of curing {unknown}
 D - a potion of degeneration {unknown}
 K - 2 potions of brilliance {unknown}
 N - a potion of berserk rage {unknown}
 W - 2 potions of ambrosia {unknown}
Books
 l - a book of Geomancy

   Spells                             Type                      Level
   a - Sandblast                      Earth                        1
   b - Passwall                       Transmutation/Earth          2
   c - Stone Arrow                    Conjuration/Earth            3
   d - Petrify                        Transmutation/Earth          4
   e - Lee's Rapid Deconstruction     Earth                        5
   Trog disapproves of the use of such an item.
 H - the Volume of Stones
   (You found it on level 10 of the Dungeon)

   Spells                             Type                      Level
   a - Sandblast                      Earth                        1
   b - Bolt of Magma                  Conjuration/Fire/Earth       5
   Trog disapproves of the use of such an item.
 L - a book of Minor Magic

   Spells                             Type                      Level
   a - Magic Dart                     Conjuration                  1
   b - Blink                          Translocation                2
   c - Call Imp                       Summoning                    2
   d - Slow                           Hexes                        2
   e - Conjure Flame                  Conjuration/Fire             3
   f - Mephitic Cloud                 Conjuration/Poison/Air       3
   Trog disapproves of the use of such an item.
 O - a book of Misfortune

   Spells                             Type                      Level
   a - Confusing Touch                Hexes                        1
   b - Confuse                        Hexes                        3
   c - Gell's Gravitas                Translocation                3
   d - Petrify                        Transmutation/Earth          4
   e - Metabolic Englaciation         Hexes/Ice                    5
   f - Yara's Violent Unravelling     Hexes/Transmutation          5
   Trog disapproves of the use of such an item.
Comestibles
 c - 2 bread rations
 d - 7 meat rations
 i - 4 royal jellies
 u - 28 fruits


   Skills:
 + Level 9.4 Fighting
 * Level 12.4 Long Blades
 - Level 6.5 Throwing
 + Level 8.8 Armour
 + Level 8.0 Dodging


You had 10 spell levels left.
You didn't know any spells.

Dungeon Overview and Level Annotations

Branches:
Dungeon (11/15)            Temple (0/1) D:7
   Lair: D:8-11         Orc: D:9-12

Altars:
Ashenzari

Shops:
D:5 :


Innate Abilities, Weirdness & Mutations

You reflexively headbutt those who attack you in melee.
You have a pair of horns on your head.
You possess an exceptional clarity of mind.
Your flesh is cold resistant. (rC+)
Your magical capacity is low. (-10% MP)
You are weak. (Str -2)
Your spells are a little harder to cast, but a little more powerful.
You expend magic power (3 MP) to strengthen your wands.


Message History

You are feeling very hungry.
The soldier ant closely misses you.
You puncture the soldier ant!
The soldier ant is heavily wounded.
The cyclops hits you!
* * * LOW HITPOINT WARNING * * *
You barely miss the cyclops.
The cyclops is severely wounded.
You feel sick. The soldier ant closely misses you. You furiously retaliate!
You headbutt the soldier ant! You puncture the cyclops!
The cyclops is almost dead.
The cyclops hits you!!
* * * LOW HITPOINT WARNING * * *
You puncture the cyclops!
You kill the cyclops!
Trog accepts your kill.
Your Dodging skill increases to level 8!
The soldier ant stings you.
You die...

... # ....≈ .#
....≈ ..#
....≈#######...#
...#≈≈≈≈≈≈≈≈≈≈≈
.......†a......
#..@# #<(.#
#...# #...#
#...# #...#
#...# ....#
....#


You could see a soldier ant.

Vanquished Creatures
  The ghost of tof the Carver, a novice MiBe of Trog (D:8)
  A cyclops (D:11)
  2 trolls
  Grinder (D:5)
  14 yaks
  A wyvern (D:9)
  A steam dragon (D:6)
  A hungry ghost (D:7)
  A water moccasin (D:10)
  2 soldier ants (D:10)
  2 sky beasts
  3 orc warriors
  A phantom (D:9)
  2 ice beasts
  5 ogres
  4 centaurs
  A crocodile (D:9)
  2 big kobolds
  9 bullfrogs
  A gnoll sergeant (D:7)
  A wyvern zombie (D:10)
  A wyvern skeleton (D:10)
  A scorpion (D:10)
  4 killer bees (D:9)
  4 howler monkeys
  3 crimson imps
  2 centaur zombies (D:10)
  5 hounds
  2 jellies
  3 orc priests
  A gnoll shaman (D:4)
  2 bullfrog skeletons
  A centaur skeleton (D:4)
  An iguana (D:9)
  8 orc wizards
  6 worker ants
  2 hound skeletons (D:4)
  8 gnolls
  15 adders
  A shadow imp (D:10)
  An ooze (D:4)
  An adder zombie (D:7)
  10 leopard geckos
  23 orcs
  5 bats
  6 giant cockroaches
  7 goblins
  5 hobgoblins
  15 jackals
  2 ball pythons
  3 frilled lizards
  8 kobolds
  A leopard gecko skeleton (D:4)
  6 rats
219 creatures vanquished.

Notes
Turn   | Place    | Note
-------+----------+-------------------------------------------
     0 | D:1      | tof the Minotaur Berserker began the quest for the Orb.
     0 | D:1      | Reached XP level 1. HP: 19/19 MP: 0/0
   419 | D:1      | Reached XP level 2. HP: 24/27 MP: 1/1
   422 | D:1      | Reached skill level 4 in Long Blades
  1046 | D:2      | Reached XP level 3. HP: 33/33 MP: 2/2
  1114 | D:2      | Reached skill level 1 in Throwing
  1394 | D:2      | Reached ** piety under Trog
  1493 | D:3      | Reached XP level 4. HP: 40/40 MP: 3/3
  1941 | D:3      | Reached skill level 5 in Long Blades
  1941 | D:3      | Reached XP level 5. HP: 39/47 MP: 4/4
  2190 | D:4      | Reached XP level 6. HP: 53/53 MP: 5/5
  2330 | D:4      | Reached skill level 6 in Long Blades
  2499 | D:4      | Reached *** piety under Trog
  2630 | D:4      | Reached skill level 5 in Fighting
  2630 | D:4      | Reached XP level 7. HP: 26/61 MP: 6/6
  2864 | D:5      | Entered Level 5 of the Dungeon
  2906 | D:5      | Noticed a troll
  2915 | D:5      | Killed a troll
  3067 | D:5      | Reached skill level 7 in Long Blades
  3200 | D:5      | Gained mutation: You are frail. (-10% HP) [mutagenic meat]
  3201 | D:5      | Gained mutation: Your magical capacity is low. (-10% MP) [mutagenic meat]
  3202 | D:5      | Gained mutation: Your flesh is cold resistant. (rC+) [mutagenic meat]
  3203 | D:5      | Lost mutation: You are frail. (-10% HP) [mutagenic meat]
  3304 | D:5      | Noticed Grinder
  3305 | D:5      | Paralysed by Grinder for 6 turns
  3330 | D:5      | Killed Grinder
  3330 | D:5      | Reached skill level 5 in Armour
  3330 | D:5      | Reached XP level 8. HP: 41/70 MP: 6/6
  3480 | D:5      | Found Assesy's Book Shoppe.
  3708 | D:6      | Reached skill level 8 in Long Blades
  4259 | D:6      | Reached skill level 5 in Dodging
  4443 | D:6      | Reached skill level 9 in Long Blades
  4651 | D:7      | Noticed a troll
  4656 | D:7      | Killed a troll
  4656 | D:7      | Reached XP level 9. HP: 78/78 MP: 7/7
  4890 | D:7      | Found a shattered altar of Ashenzari.
  4964 | D:7      | Reached skill level 5 in Throwing
  5128 | D:7      | Found a staircase to the Ecumenical Temple.
  5276 | D:7      | Reached **** piety under Trog
  5501 | D:8      | Noticed tof's ghost (novice MiBe)
  5516 | D:8      | Killed tof's ghost
  5516 | D:8      | Reached skill level 10 in Long Blades
  6104 | D:9      | Reached XP level 10. HP: 85/88 MP: 8/8
  6265 | D:9      | Reached skill level 11 in Long Blades
  6850 | D:9      | Got an ivory rapier
  6851 | D:9      | Identified the +0 rapier "Selilu Veme" {pierce, Dex+4} (You found it on level 9 of the Dungeon)
  7037 | D:9      | Gained mutation: Your spells are a little harder to cast, but a little more powerful. [mutagenic meat]
  7038 | D:9      | Gained mutation: You possess an exceptional clarity of mind. [mutagenic meat]
  7039 | D:9      | Gained mutation: You expend magic power (3 MP) to strengthen your wands. [mutagenic meat]
  7040 | D:9      | Gained mutation: You are weak. (Str -2) [mutagenic meat]
  7192 | D:10     | Entered Level 10 of the Dungeon
  7247 | D:10     | Reached skill level 12 in Long Blades
  7360 | D:10     | Reached ***** piety under Trog
  7761 | D:10     | Received a gift from Trog
  7772 | D:10     | Identified the Volume of Stones
  7980 | D:10     | Reached XP level 11. HP: 82/97 MP: 8/8
  8448 | D:11     | HP: 2/145 [cyclops (23)]
  8449 | D:11     | Slain by a soldier ant

Vault maps used:
D:1:      sevenhm_arrival_forest_fort_small_5
D:3:      first_bread
D:5:      serial_shops, shop, uniq_grinder
D:7:      lemuel_crystal_altar, minmay_temple_entry_statues_pillars
D:10:     blue_anna_alchemist
D:11:     cheibrodos_ideogram_h, dpeg_lair_monsters, orc_0_dummy

Skill      XL: |  1  2  3  4  5  6  7  8  9 10 11 |
---------------+----------------------------------+-----
Long Blades    | 4 5 6 7 9 10 12 | 12.4
Throwing       | 1 2 3 4 5 6 |  6.5
Fighting       | 4 5 6 8 9 |  9.4
Armour         | 3 4 5 6 7 8 |  8.8
Dodging        | 3 4 5 6 7 8 |  8.0

Action                   |  1- 3 |  4- 6 |  7- 9 | 10-12 || total
-------------------------+-------+-------+-------+-------++-------
Melee: Falchion          |    49 |       |       |       ||    49
       Headbutt          |     6 |    18 |    41 |    65 ||   130
       Quarterstaff      |     5 |    76 |   210 |    95 ||   386
       Rapier            |       |       |       |   169 ||   169
Throw: Tomahawk          |       |       |    10 |       ||    10
Invok: Berserk           |       |     1 |     4 |     3 ||     8
       Trog's Hand       |       |       |     2 |     2 ||     4
  Use: Scroll            |       |     1 |       |     5 ||     6
  Eat: Chunk             |     2 |     4 |    14 |    15 ||    35
       Bread ration      |       |       |     2 |       ||     2
Armor: Ring mail         |    20 |    34 |    13 |       ||    67
       Animal skin       |     1 |       |       |       ||     1
       Plate armour      |       |       |   140 |   169 ||   309
Dodge: Dodged            |    41 |    48 |   140 |   153 ||   382
       Rpst.: Falchion   |    11 |       |       |       ||    11

Table legend:
 A = Spawn XP
 B = Non-spawn XP
 C = Spawn XP percentage of total XP
 D = Spawn monster count
 E = Non-spawn monster count
 F = Spawn count percentage of total count
 G = Total turns spent on level
                    A         B        C        D         E        F      G
               +---------+---------+-------+---------+---------+-------+---------
         Total |       0 |   12053 |   0.0 |       0 |     219 |   0.0 |  8449
               +---------+---------+-------+---------+---------+-------+---------
           D:1 |       0 |      30 |   0.0 |       0 |      16 |   0.0 |   934
           D:2 |       0 |      54 |   0.0 |       0 |      18 |   0.0 |   551
           D:3 |       0 |     128 |   0.0 |       0 |      17 |   0.0 |   561
           D:4 |       0 |     552 |   0.0 |       0 |      31 |   0.0 |   818
           D:5 |       0 |     915 |   0.0 |       0 |      13 |   0.0 |   683
           D:6 |       0 |    1080 |   0.0 |       0 |      19 |   0.0 |  1062
           D:7 |       0 |    1136 |   0.0 |       0 |      23 |   0.0 |   974
           D:8 |       0 |    1373 |   0.0 |       0 |      12 |   0.0 |   488
           D:9 |       0 |    3776 |   0.0 |       0 |      38 |   0.0 |  1205
          D:10 |       0 |    2398 |   0.0 |       0 |      29 |   0.0 |  1145
          D:11 |       0 |     611 |   0.0 |       0 |       3 |   0.0 |    28
               +---------+---------+-------+---------+---------+-------+---------
